 Dungeon Crawl Stone Soup version 0.30-a0-358-g0d69a1922f (webtiles) character file.

Game seed: 14766138118193134213

12 Devinter the Ruffian (level 2, 0/25 HPs)
             Began as a Naga Transmuter on Nov 10, 2022.
             Slain by a kobold
             ... wielding a +1 short sword of electrocution
              (6 damage)
             ... on level 1 of the Dungeon.
             The game lasted 00:03:34 (387 turns).

Devinter the Ruffian (Naga Transmuter)               Turns: 387, Time: 00:03:35

Health: 0/25       AC:  1    Str: 12    XL:     2   Next: 33%
Magic:  5/5        EV: 10    Int: 13    God:
Gold:   0          SH:  0    Dex: 11    Spells: 2/5 levels left

rFire   . . .      SeeInvis +    f - +0 mace
rCold   . . .      Faith    .    (no shield)
rNeg    . . .      Spirit   .    a - +0 robe
rPois   +          Reflect  .    (no helmet)
rElec   .          Harm     .    (no cloak)
rCorr   .          Rampage  .    (no gloves)
Will    .....                    (no barding)
Stlth   +.........               (no amulet)
HPRegen 0.24/turn                (no ring)
MPRegen 0.09/turn                (no ring)

@: short of breath, very slow
A: AC +0, large, see invisible, deformed body, poison resistance, slowness 2,
spit poison 1, naga tail 1
a: Spit Poison


You were on level 1 of the Dungeon.
You visited 1 branch of the dungeon, and saw 1 of its levels.

Inventory:

Hand Weapons
 e - a +0 club
 f - a +0 mace (weapon)
Armour
 a - a +0 robe (worn)
 d - a +0 buckler
Scrolls
 c - a scroll of fear {unknown}
Potions
 b - a potion of lignification
 g - 2 potions of might {unknown}
 h - a potion of degeneration {unknown}


   Skills:
 + Level 1.0 Fighting
 - Level 2.0 Dodging
 + Level 0.0 Shields
 - Level 3.0 Unarmed Combat
 + Level 2.4 Spellcasting
 + Level 2.0 Transmutations


You had 2 spell levels left.
You knew the following spells:

 Your Spells              Type           Power      Damage    Failure   Level
a - Beastly Appendage     Tmut           12%        N/A       11%         1
b - Wereblood             Tmut           6%         N/A       16%         2

Your spell library contained the following spells:

 Spells                   Type           Power      Damage    Failure   Level
 Spider Form              Tmut/Pois      4%         N/A       43%         3
 Ice Form                 Ice/Tmut       4%         N/A       85%         4


Dungeon Overview and Level Annotations

Branches:
Dungeon (1/15)

Altars:


Innate Abilities, Weirdness & Mutations

Your serpentine skin is tough. (AC +0)
You have supernaturally acute eyesight. (SInv)
Armour fits poorly on your strangely shaped body.
Your system is resistant to poisons. (rPois)
You cover ground very slowly.
You can spit poison.
You have a snake-like lower body.


Message History

The goblin hits you but does no damage.
You completely miss the goblin. The goblin hits you with a +0 club.
The goblin hits you but does no damage.
You completely miss the goblin. Your headbutt misses the goblin.
The goblin hits you with a +0 club.
You closely miss the goblin. Your headbutt misses the goblin.
The goblin hits you with a +0 club. x2
You barely miss the goblin. The goblin hits you with a +0 club.
* * * LOW HITPOINT WARNING * * *
You hit the goblin. Your punch misses the goblin.
The goblin is heavily wounded.
The goblin hits you with a +0 club.
* * * LOW HITPOINT WARNING * * *
You hit the goblin.
You kill the goblin!
Your horns disappear.
You see here a +0 club.
You start resting.
HP restored.
There is a fountain of clear blue water here.
There is a staircase leading out of the dungeon here.
There is a fountain of clear blue water here.
Found a stone staircase leading down.
Found 14 gold pieces.
A kobold comes into view.
It is wielding a +1 short sword of electrocution.
The kobold shouts!
The kobold throws a stone.
The stone closely misses you.
The kobold throws a stone.
The stone hits you but does no damage.
A goblin comes into view. It is wielding a +0 club.
The kobold hits you with a +1 short sword of electrocution.
You are electrocuted!
Ouch! That really hurt!
* * * LOW HITPOINT WARNING * * *
Aiming: Spit Poison (2% risk of failure)
Press: ? - help, Shift-Dir - straight line, f - kobold
Aim: a kobold, wielding a +1 short sword of electrocution and quivering stones (50% to hit)
The splash of poison misses the kobold.
The goblin shouts!
The kobold hits you with a +1 short sword of electrocution.
You die...

##....♣♣♣♣♣.♣♣♣♣♣...#.#
##......⌠.<.⌠.[.......
#...♣♣♣♣♣.♣♣♣♣♣..##.##
##..# ♣⌠♣ #.(# .#
#..##♣♣♣.♣♣♣##..# #
#...............#
####.......##.#.#
#.##.##.# # ##. #@#
#......K.......
#..#.##.######. $>#.
#g# .. .. ..# ###


You could see a goblin and a kobold.

Vanquished Creatures
  4 endoplasms (D:1)
  2 goblins (D:1)
  2 ball pythons (D:1)
  A bat (D:1)
  A kobold (D:1)
  2 rats (D:1)
12 creatures vanquished.

Notes
Turn   | Place    | Note
-------+----------+-------------------------------------------
     0 | D:1      | Devinter the Naga Transmuter began the quest for the Orb.
     0 | D:1      | Reached XP level 1. HP: 18/18 MP: 3/3
   140 | D:1      | Reached XP level 2. HP: 8/25 MP: 5/5
   148 | D:1      | Reached skill level 2 in Dodging
   231 | D:1      | Learned a level 2 spell: Wereblood
   387 | D:1      | Slain by a kobold

Illustrated notes

Levels and vault maps discovered:
D:1:      scummos_arrival_forest, layout_loops_ring, amethyst_killhole,
          st_stairs_5, nicolae_eternal_life, minmay_bisected

Skill      XL: |  1  2 |
---------------+-------+-----
Dodging        | 2 |  2.0
Fighting       | |  1.0
Unarmed Combat | |  3.0
Spellcasting   | |  2.4
Transmutations | |  2.0

Action                   || total
-------------------------++-------
Melee: Mace              ||    36
       Punch             ||     2
       Unarmed           ||     1
       Headbutt          ||     1
 Cast: Beastly Appendage ||     3
 Abil: Spit Poison       ||     2
 Stab: Sleeping          ||     1
Armor: Robe              ||     6
Dodge: Dodged            ||    18

Table legend: (Time is in decaauts)
 A = Elapsed time spent in this place.
 B = Non-inter-level travel time spent in this place.
 C = Inter-level travel time spent in this place.
 D = Time resting spent in this place.
 E = Time spent auto-exploring this place.
 F = Levels seen in this place.
 G = Mean time per level.
                   A        B        C        D        E       F      G
               +--------+--------+--------+--------+--------+-----+--------+
         Total |    453 |    453 |      0 |    199 |      0 |   1 |  453.0 |
       Dungeon |    453 |    453 |      0 |    199 |      0 |   1 |  453.0 |
               +--------+--------+--------+--------+--------+-----+--------+

Top non-repeatable levels by time:
     D:1: 453 daAuts
